 Dungeon Crawl Stone Soup version 0.26-a0-1147-g3780a7a11b (webtiles) character file.

Game seed: 3135974343248840956

221 Dracia the Ducker (level 5, -6/39 HPs)
             Began as a Demonspawn Gladiator on Dec 22, 2020.
             Mangled by an ogre
             ... wielding a +0 giant club
              (13 damage)
             ... on level 4 of the Dungeon.
             The game lasted 00:03:43 (3367 turns).

Dracia the Ducker (Demonspawn Gladiator)            Turns: 3367, Time: 00:03:44

Health: -6/39      AC: 11    Str: 15    XL:     5   Next: 65%
Magic:  5/5        EV:  8    Int:  9    God:
Gold:   178        SH:  0    Dex: 15    Spells: 4/4 levels left

rFire    . . .     SeeInvis .   x - +0 war axe
rCold    . . .     Faith    .   (no shield)
rNeg     . . .     Spirit   .   w - +0 chain mail
rPois    .         Reflect  .   c - +0 helmet
rElec    .         Harm     .   (no cloak)
rCorr    .         Rampage  .   (no gloves)
Will     .....                  (no boots)
Stlth    ..........             A - amulet of the acrobat
HPRegen  0.13/turn              (no ring)
MPRegen  0.09/turn              (no ring)

@: no status effects
A: rugged brown scales 1, powered by death 1
a: no special abilities


You were on level 4 of the Dungeon.
You visited 1 branch of the dungeon, and saw 4 of its levels.

You collected 178 gold pieces.


Innate Abilities, Weirdness & Mutations

You are partially covered in rugged brown scales. (AC +1, +3% HP)
You regenerate a little health from kills.


   Skills:
 - Level 2.0 Fighting
 - Level 2.6 Short Blades
 * Level 0.0 Axes
 - Level 1.7 Throwing
 + Level 3.4 Armour
 + Level 4.5 Dodging


You had 4 spell levels left.
You didn't know any spells.
Your spell library was empty.

Inventory:

Hand Weapons
 a - a +0 rapier
 x - a +0 war axe (weapon)
Missiles
 d - 4 throwing nets {=f=f}
 q - 5 poisoned darts (quivered)
Armour
 b - a +0 leather armour
 c - a +0 helmet (worn)
 w - a +0 chain mail (worn)
Jewellery
 A - an amulet of the acrobat (around neck)
Scrolls
 e - 7 scrolls of remove curse {unknown}
 g - 5 scrolls of identify {unknown}
 i - 2 scrolls of magic mapping {unknown}
 j - a scroll of teleportation {unknown}
 o - a scroll of random uselessness {unknown}
 s - a scroll of amnesia {unknown}
 v - a scroll of blinking {unknown}
Potions
 f - 3 potions of cancellation {unknown}
 h - a potion of haste {unknown}
 k - a potion of magic {unknown}
 l - a potion of heal wounds {unknown}
 m - 2 potions of mutation {unknown}
 n - 2 potions of curing {unknown}
 p - a potion of ambrosia {unknown}
 r - 2 potions of degeneration {unknown}
 t - 3 potions of lignification {unknown}
 u - a potion of resistance {unknown}

Dungeon Overview and Level Annotations

Branches:
Dungeon (4/15)
 Temple: D:4-7

Altars:

#######.#......#.......#
.........#.#...........#
#.##########..#.#...........#
..............#.#....<.......
.......######.#.#...........#
#...... #.#.#...........+
#.##+#. #.#.#...........# #
#.#.#.##.#.#.#+###.....#
..........O@............
#.#.#....#.###.###.....# #.
#....#.# .....# #..#.#..
.......... #...........
#...........# #.. ........#


You could see an ogre (poisoned).


Message History

Setting a skill training target for Axes at 16.0.
Done exploring.
Done exploring.
(D) Dungeon
Where to? (Enter - D:3 @ (x,y), ? - help)
There is a stone staircase leading down here.
You climb downwards.
There is a stone staircase leading up here.
An ogre comes into view. It is wielding a +0 giant club.
An ogre is nearby!
An ogre is nearby!
The ogre closely misses you.
You slash the ogre!
The ogre is moderately wounded.
The ogre hits you with a +0 giant club!
You hit the ogre.
The ogre is heavily wounded.
The ogre hits you with a +0 giant club!
* * * LOW HITPOINT WARNING * * *
You are too injured to fight recklessly!
You are too injured to fight recklessly!
Unknown command.
Throw: 6 darts (poison)
Press: ? - help, Q - select action, (/) - cycle Shift-Dir - straight line, f - ogre
Aim: an ogre, wielding a +0 giant club (heavily wounded)
You throw a poisoned dart. The poisoned dart hits the ogre.
The ogre is poisoned.
The ogre is heavily wounded.
The ogre hits you with a +0 giant club!
You die...

Skill      XL: |  1  2  3  4 |
---------------+-------------+-----
Armour         | 1 2 3 |  3.4
Dodging        | 3 4 |  4.5
Fighting       | |  2.0
Short Blades   | |  2.6
Throwing       | |  1.7

Action                   |  1- 3 |  4- 6 || total
-------------------------+-------+-------++-------
Melee: Rapier            |   105 |   116 ||   221
       War axe           |       |     2 ||     2
Throw: Dart              |       |     1 ||     1
 Stab: Sleeping          |     1 |       ||     1
Armor: Leather armour    |    30 |    27 ||    57
Dodge: Dodged            |    68 |    86 ||   154

Levels and vault maps discovered:
D:1:      minmay_arrival_four_houses, layout_loops_ring,
          hangedman_abyss_or_decor_lesser_grid
D:2:      layout_basic
D:3:      layout_basic
D:4:      layout_basic, kennysheep_mini_moat, gammafunk_temple_overflow_claw,
          nicolae_qazlal_style_of_elements, roderic_lattice_a

Notes
Turn   | Place    | Note
-------+----------+-------------------------------------------
     0 | D:1      | Dracia the Demonspawn Gladiator began the quest for the
                  | Orb.
     0 | D:1      | Reached XP level 1. HP: 16/16 MP: 1/1
   410 | D:1      | Reached skill level 1 in Armour
   410 | D:1      | Reached skill level 3 in Dodging
   410 | D:1      | Gained mutation: You regenerate a little health from kills.
                  | [demonic ancestry]
   410 | D:1      | Reached XP level 2. HP: 20/22 MP: 2/2
  1176 | D:2      | Gained mutation: You are partially covered in rugged brown
                  | scales. (AC +1, +3% HP) [demonic ancestry]
  1176 | D:2      | Reached XP level 3. HP: 22/27 MP: 3/3
  1349 | D:2      | Reached skill level 2 in Armour
  1489 | D:2      | Reached XP level 4. HP: 24/33 MP: 4/4
  2912 | D:3      | Reached skill level 4 in Dodging
  3050 | D:3      | Noticed a phantom
  3081 | D:3      | Killed a phantom
  3082 | D:3      | Reached skill level 3 in Armour
  3082 | D:3      | Reached XP level 5. HP: 22/39 MP: 5/5
  3351 | D:4      | Noticed an ogre
  3367 | D:4      | Mangled by an ogre

Vanquished Creatures
  A phantom (D:3)
  7 adders
  An ooze (D:3)
  A worm (D:2)
  3 dart slugs
  A leopard gecko (D:3)
  An orc (D:3)
  2 giant cockroaches (D:1)
  5 goblins
  6 hobgoblins
  3 jackals (D:1)
  2 quokkas (D:3)
  A ball python (D:1)
  A bat (D:1)
  5 frilled lizards
  13 kobolds
  8 rats
61 creatures vanquished.

Table legend: (Time is in decaauts)
 A = Elapsed time spent in this place.
 B = Non-inter-level travel time spent in this place.
 C = Inter-level travel time spent in this place.
 D = Time resting spent in this place.
 E = Time spent auto-exploring this place.
 F = Levels seen in this place.
 G = Mean time per level.
                   A        B        C        D        E       F      G
               +--------+--------+--------+--------+--------+-----+--------+
         Total |   3381 |   3224 |    157 |    279 |   2453 |   4 |  845.2 |
       Dungeon |   3381 |   3224 |    157 |    279 |   2453 |   4 |  845.2 |
               +--------+--------+--------+--------+--------+-----+--------+

Top non-repeatable levels by time:
     D:3: 1201 daAuts
     D:1: 1107 daAuts
     D:2: 1041 daAuts
     D:4: 30 daAuts

Table legend:
 A = Non-vault XP
 B = Vault XP
 C = Vault XP percentage of total XP
 D = Non-vault monster count
 E = Vault monster count
 F = Vault count percentage of total count
                 A         B        C        D         E       F
            +---------+---------+-------+---------+---------+-------
      Total |     317 |       0 |   0.0 |      61 |       0 |   0.0
            +---------+---------+-------+---------+---------+-------
        D:1 |      37 |       0 |   0.0 |      21 |       0 |   0.0
        D:2 |      78 |       0 |   0.0 |      19 |       0 |   0.0
        D:3 |     202 |       0 |   0.0 |      21 |       0 |   0.0
            +---------+---------+-------+---------+---------+-------
